 Dungeon Crawl Stone Soup version 0.31-a0-167-g1c394c0614 (webtiles) character file.

Game seed: 5846719558779589215

335 senseless the Ducker (level 6, -2/28 HPs)
             Began as a Felid Transmuter on June 14, 2023.
             Was a Believer of Fedhas.
             Slain by a gnoll
             ... wielding a +0 whip
              (3 damage)
             ... on level 3 of the Dungeon.
             The game lasted 00:06:51 (2693 turns).

senseless the Ducker (Felid Transmuter)             Turns: 2693, Time: 00:06:52

Health: -2/28      AC:  2    Str:  6    XL:     6   Next: 28%
Magic:  11/12      EV: 20    Int: 14    God:    Fedhas [**....]
Gold:   122        SH:  0    Dex: 19    Spells: 8/11 levels left
                                        Lives:  0   Deaths: 1

rFire   . .          .
                       - Unarmed
rCold   . . .        (shield unavailable)
rNeg    + . .        (body armour unavailable)
rPois   .            (helmet unavailable)
rElec   .            (cloak unavailable)
rCorr   .            (gloves unavailable)
SInv    +            (boots unavailable)
Will    .....        (no amulet)
Stlth   ++           e - ring of positive energy
HPRegen 0.24/turn    (no ring)
MPRegen 0.13/turn

%: no passive effects
@: appendages, quick
A: horns 2, very small, claws 1, fangs 3, see invisible, speed 1, shaggy fur 2,
stealthy paws, no weapons or thrown items, no armour, multi-lived
a: End Transformation, Renounce Religion, Wall of Briars


You were on level 3 of the Dungeon.
You worshipped Fedhas.
Fedhas was pleased with you.
You had temporarily grown beastly horns.
You visited 1 branch of the dungeon, and saw 3 of its levels.

You collected 122 gold pieces.

Inventory:

Jewellery
 d - a ring of fire
 e - a ring of positive energy (left paw)
Wands
 k - a wand of polymorph (11)
Scrolls
 b - a scroll of revelation
 g - 2 scrolls of identify
 h - a scroll of blinking
Potions
 a - 2 potions of lignification
 c - a potion of heal wounds
 f - a potion of might
 i - 3 potions of curing
 j - a potion of enlightenment {unknown}
 l - a potion of cancellation {unknown}
 m - a potion of attraction {unknown}


   Skills:
 + Level 3.1 Fighting
 + Level 4.9 Dodging
 + Level 4.3 Unarmed Combat
 + Level 3.4 Spellcasting
 + Level 4.0 Transmutations


You had 8 spell levels left.
You knew the following spells:

 Your Spells              Type           Power      Damage    Failure   Level
a - Beastly Appendage     Tmut           26%        N/A       4%          1
b - Wereblood             Tmut           13%        N/A       6%          2

Your spell library contained the following spells:

 Spells                   Type           Power      Damage    Failure   Level
 Passwall                 Tmut/Erth      6%         N/A       14%         2
 Sandblast                Erth           4%         2d4       21%         1
 Spider Form              Tmut/Pois      8%         N/A       26%         3
 Lesser Beckoning         Tloc           4%         N/A       30%         2
 Gell's Gravitas          Tloc           2%         N/A       52%         3
 Ozocubu's Armour         Ice            2%         N/A       52%         3
 Stone Arrow              Conj/Erth      4%         3d7       52%         3
 Teleport Other           Tloc           2%         N/A       52%         3
 Ice Form                 Ice/Tmut       8%         N/A       65%         4
 Metabolic Englaciation   Hex/Ice        1%         N/A       99%         5
 Simulacrum               Ice/Necr       1%         N/A       100%        6


Dungeon Overview and Level Annotations

Branches:
Dungeon (3/15)

Altars:
Fedhas
The Shining One

Annotations:
D:3 2 transporters


Innate Abilities, Weirdness & Mutations

You have temporarily grown beastly horns.
You have sharp claws.
You have razor-sharp teeth.
You have supernaturally acute eyesight. (SInv)
You cover ground quickly. (Speed+)
You are covered in thick fur. (AC +2)
Your paws help you pounce on unaware monsters.
You are incapable of wielding weapons or throwing items.
You cannot wear armour.
You gain extra lives every three experience levels.


Message History

Fedhas appreciates your contribution to the ecosystem.
l - a fuming emerald potion
Things that are here:
a +0 spear; a gnoll corpse
Things that are here:
a +0 spear; a gnoll corpse Your horns disappear.
Things that are here:
a +0 flail; a gnoll corpse Your primal bloodlust is almost over.
You howl as the wereblood boils in your veins!
You hear a shout!
You howl as the wereblood boils in your veins!
Your primal bloodlust has ended.
A gnoll comes into view. It is wielding a +0 whip.
Casting: Beastly Appendage (safe; 4% risk of failure)
Confirm with . or Enter, or press ? or * to list all spells.
You grow a pair of large bovine horns.
You are too injured to fight recklessly!
You are too injured to fight recklessly!
You closely miss the gnoll. You headbutt the gnoll.
The gnoll is lightly wounded.
The gnoll misses you.
You closely miss the gnoll. You claw the gnoll.
The gnoll is moderately wounded.
The gnoll hits you with a +0 whip.
* * * LOW HITPOINT WARNING * * *
You scratch the gnoll but do no damage. You headbutt the gnoll.
Your bite misses the gnoll.
The gnoll is heavily wounded.
The gnoll hits you with a +0 whip.
* * * LOW HITPOINT WARNING * * *
You scratch the gnoll. Your bite misses the gnoll.
The gnoll is severely wounded.
The gnoll closely misses you.
You scratch the gnoll.
The gnoll is severely wounded.
The gnoll hits you with a +0 whip.
You die...
Fedhas appreciates your contribution to the ecosystem.

#.# . #. #.# .## #.##
##.## .... ..#
##...### #. .##.##
#....... #. ....#
#....... #. #..#
#.#.#.##
#.#####..######.###.##
#.)))@g...†...........
######################


You could see a gnoll.

Vanquished Creatures
  Grinder (D:3)
  Sigmund (D:3)
  2 adders
  3 gnolls (D:3)
  3 orcs (D:3)
  4 giant cockroaches
  2 goblins
  2 hobgoblins
  5 quokkas
  5 ball pythons
  9 bats
  3 frilled lizards (D:1)
  3 kobolds
  6 rats
49 creatures vanquished.

Notes
Turn   | Place    | Note
-------+----------+-------------------------------------------
     0 | D:1      | senseless the Felid Transmuter began the quest for the Orb.
     0 | D:1      | Reached XP level 1. HP: 9/9 MP: 4/4
   172 | D:1      | Reached XP level 2. HP: 11/12 MP: 6/6
   184 | D:1      | Learned a level 2 spell: Wereblood
   518 | D:1      | Found a faded altar of an unknown god.
   525 | D:1      | Prayed at the altar of an unknown god.
   525 | D:1      | Became a worshipper of Fedhas Madash
   525 | D:1      | Reached * piety under Fedhas
   888 | D:2      | Reached XP level 3. HP: 12/15 MP: 4/7
  1095 | D:2      | Found a glowing golden altar of the Shining One.
  2348 | D:3      | Noticed Sigmund
  2370 | D:3      | Killed Sigmund
  2371 | D:3      | Reached XP level 4. HP: 14/20 MP: 5/9
  2371 | D:3      | Reached XP level 5. HP: 17/23 MP: 5/10
  2463 | D:3      | Noticed Grinder
  2479 | D:3      | Paralysed by Grinder for 2 turns
  2489 | D:3      | Paralysed by Grinder for 4 turns
  2496 | D:3      | Slain by Grinder
  2497 | D:3      | Reached XP level 4. HP: 0/20 MP: 9/9
  2512 | D:3      | Killed Grinder
  2513 | D:3      | Reached XP level 5. HP: 14/24 MP: 7/11
  2513 | D:3      | Gained mutation: You are covered in thick fur. (AC +2)
                  | [Felid growth]
  2513 | D:3      | Reached XP level 6. HP: 17/28 MP: 7/12
  2587 | D:3      | Found a transporter.
  2590 | D:3      | Found a transporter.
  2633 | D:3      | Reached ** piety under Fedhas
  2691 | D:3      | HP: 1/28 [gnoll/+0 whip (5)]
  2693 | D:3      | Slain by a gnoll

Illustrated notes

Levels and vault maps discovered:
D:1:      scummos_arrival_hexagon, layout_rooms,
          ebering_ecumenical_altar_sacrificial
D:2:      cheibrodos_old_hovel, layout_basic, basic_altar
D:3:      gammafunk_wand_slinger, layout_loops_corners, serial_aquarium,
          aquarium_bridge_straight [aquarium_subvault_bridge,
          aquarium_subvault_wall, aquarium_subvault_bridge,
          aquarium_subvault_balcony], aquarium_window_2, aquarium_window_fake,
          aquarium_view_2e, aquarium_view_2a, aquarium_balcony_3a,
          aquarium_pool_1, uniq_grinder, uniq_sigmund

Skill      XL: |  1  2  3  4  5  6 |
---------------+-------------------+-----
Dodging        | 3 4 |  4.9
Fighting       | 2 3 |  3.1
Spellcasting   | 3 |  3.4
Transmutations | 3 4 |  4.0
Unarmed Combat | 4 |  4.3

Action                     |  1- 3 |  4- 6 || total
---------------------------+-------+-------++-------
  Melee: Unarmed           |   144 |    41 ||   185
         Headbutt          |    21 |     7 ||    28
         Bite              |     8 |     4 ||    12
         Punch             |       |     3 ||     3
   Cast: Beastly Appendage |    32 |     6 ||    38
         Wereblood         |    24 |     3 ||    27
    Use: Potion            |     1 |       ||     1
         Scroll            |     6 |       ||     6
 Armour: Skin              |     7 |     1 ||     8
  Dodge: Dodged            |   145 |    24 ||   169

Table legend: (Time is in decaauts)
 A = Elapsed time spent in this place.
 B = Non-inter-level travel time spent in this place.
 C = Inter-level travel time spent in this place.
 D = Time resting spent in this place.
 E = Time spent auto-exploring this place.
 F = Levels seen in this place.
 G = Mean time per level.
                   A        B        C        D        E       F      G
               +--------+--------+--------+--------+--------+-----+--------+
         Total |   2358 |   2276 |     82 |     63 |   1764 |   3 |  786.0 |
       Dungeon |   2358 |   2276 |     82 |     63 |   1764 |   3 |  786.0 |
               +--------+--------+--------+--------+--------+-----+--------+

Top non-repeatable levels by time:
     D:2: 1074 daAuts
     D:3: 800 daAuts
     D:1: 483 daAuts
